 Dungeon Crawl Stone Soup version 0.30.1-3-gfc49f6343a (webtiles) character file.

Game seed: 9863084418912533472

34050 Anriel the Bludgeoner (level 14, -10/105 HPs)
             Began as a Human Gladiator on July 18, 2023.
             Was an Elder of Ashenzari.
             Mangled by a deep elf pyromancer
             ... wielding a +2 rapier of electrocution
             ... summoned by an orange crystal statue
              (20 damage)
             ... on level 13 of the Dungeon on July 19, 2023.
             The game lasted 01:28:17 (11063 turns).

Anriel the Bludgeoner (Human Gladiator)            Turns: 11063, Time: 01:28:17

Health: -10/105    AC: 28    Str: 26    XL:     14   Next: 11%
Magic:  14/14      EV: 12    Int:  8    God:    Ashenzari [****..]
Gold:   1231       SH:  0    Dex: 15    Spells: 13/13 levels left

rFire   . . .        w - +2 dire flail of Ashenzari's Scepticism {heavy, Fort, Evo} (curse)
rCold   + . .        (shield currently unavailable)
rNeg    . . .        M - +2 plate armour of the Sublime Suspicion {rC+, Self, Melee} (curse)
rPois   .            c - +0 helmet of Desmomancy {Comp, Range} (curse)
rElec   .            E - +0 cloak of Supernal Wisdom {Stlth+, Self, Comp} (curse)
rCorr   .            v - +2 pair of gloves "Adversity of Ashenzari" {Alch, Fort} (curse)
SInv    +            (no boots)
Will    +....        (no amulet) Stlth
                     H - +6 ring of strength
HPRegen 0.37/turn    p - ring "Overhang to Understand" {AC+4, Bglg, Evo} (curse)
MPRegen 0.14/turn

%: clarity
@: silenced, studying Fire Magic
A: no striking features
a: Renounce Religion, Curse Item, Shatter the Chains


You were on level 13 of the Dungeon.
You worshipped Ashenzari.
Ashenzari was greatly pleased with you.
You visited 2 branches of the dungeon, and saw 14 of its levels.
You also visited: Bailey and Gauntlet.

You collected 2211 gold pieces.
You spent 980 gold pieces at shops.

Inventory:

Hand Weapons
 w - the cursed +2 dire flail of Ashenzari's Scepticism (weapon) {heavy, Fort, Evo}
   (You acquired it on level 5 of the Dungeon)

   It has a curse which improves the following skills: Fortitude: Armour and
   Shields.
   Evocations: Evocations.
 P - a +2 morningstar of holy wrath
Missiles
 d - 4 throwing nets
 j - 12 javelins
 A - 9 boomerangs (quivered)
Armour
 c - the cursed +0 helmet of Desmomancy (worn) {Comp, Range}

   It has a curse which improves the following skills: Companions: Summonings
   and Necromancy.
   Ranged Combat: Ranged Weapons and Throwing.
 h - +0 shadow dragon scales
 k - the +1 ring mail of Snakes and Ladders {rC++ Str+2}
   (You found it in a Gauntlet)

   Str:       It affects your strength (+2).
   rC:        It greatly protects you from cold.
 n - a +4 scale mail of willpower
 u - the +8 ring mail of Claustrophobia {-Tele rN++ rCorr Str+3}
   (You found it on level 5 of the Dungeon)

   Str:       It affects your strength (+3).
   rN:        It greatly protects you from negative energy.
   -Tele:     It prevents most forms of teleportation.
   rCorr:     It protects you from acid and corrosion.
 v - the cursed +2 pair of gloves "Adversity of Ashenzari" (worn) {Alch, Fort}
   (You found it on level 5 of the Dungeon)

   It has a curse which improves the following skills: Alchemy: Poison Magic and
   Transmutations.
   Fortitude: Armour and Shields.
 E - the cursed +0 cloak of Supernal Wisdom (worn) {Stlth+, Self, Comp}
   (You took it off Maurice on level 8 of the Dungeon)

   It has a curse which improves the following skills: Introspection: Fighting
   and Spellcasting.
   Companions: Summonings and Necromancy.
 L - the +3 scale mail of Resonance {+Inv rC+ Slay+2}
   (You bought it in a shop on level 9 of the Dungeon)

   Slay:      It affects your accuracy & damage with ranged weapons and melee
   (+2).
   rC:        It protects you from cold.
   +Inv:      It lets you turn invisible.
 M - the cursed +2 plate armour of the Sublime Suspicion (worn) {rC+, Self, Melee}
   (You bought it in a shop on level 9 of the Dungeon)

   It has a curse which improves the following skills: Introspection: Fighting
   and Spellcasting.
   Melee Combat: Short Blades, Long Blades, Axes, Maces & Flails, Polearms,
   Staves and Unarmed Combat.
 T - the +0 swamp dragon scales of Hadjma {rElec rPois Will- rCorr Str-4}
   (You found it in a Gauntlet)

   Str:       It affects your strength (-4).
   rElec:     It insulates you from electricity.
   rPois:     It protects you from poison.
   rCorr:     It protects you from acid and corrosion.
   Will:      It decreases your willpower.
 U - the +4 plate armour "Enohen" {rC+ MP+9}
   (You found it in a Gauntlet)

   rC:        It protects you from cold.
   MP:        It affects your magic capacity (+9).
Jewellery
 i - a ring of positive energy
 o - a ring of protection from cold
 p - the cursed ring "Overhang to Understand" (right hand) {AC+4, Bglg, Evo}
   (You found it on level 4 of the Dungeon)

   [ring of protection]

   AC:        It affects your AC (+4).
   It has a curse which improves the following skills: Beguiling: Conjurations,
   Hexes and Translocations.
   Evocations: Evocations.
 s - a ring of wizardry
 D - the ring of Baom {Wiz Dex+7}
   (You found it in a bailey)

   [ring of wizardry]

   It improves your spell success rate.
   Dex:       It affects your dexterity (+7).
 H - a +6 ring of strength (left hand)
 I - a ring of magical power
 N - a ring of protection from cold
Wands
 a - a wand of light (5)
 l - a wand of charming (33)
 x - a wand of roots (5)
 G - a wand of polymorph (7)
 J - a wand of flame (24)
Scrolls
 b - a scroll of fear
 r - 2 scrolls of magic mapping
 t - 13 scrolls of identify
 y - 3 scrolls of amnesia
 z - 8 scrolls of teleportation
 C - 2 scrolls of poison
Potions
 e - 3 potions of cancellation
 f - 4 potions of brilliance
 m - 2 potions of flight
 q - 3 potions of magic
 F - 2 potions of resistance
Miscellaneous
 Q - a phial of floods
 R - a phantom mirror
 S - a tin of tremorstones (2/2)


   Skills:
 + Level 5.4(8.1) Fighting
 - Level 15.0(16.7) Maces & Flails
 + Level 7.5(9.4) Throwing
 + Level 10.5(13.2) Armour
 + Level 11.0 Dodging
 - Level 7.2(10.0) Evocations


You had 13 spell levels left.
You didn't know any spells.
Your spell library contained the following spells:

 Spells                   Type           Power      Damage    Failure   Level
 Apportation              Tloc           0%         N/A       96%         1
 Beastly Appendage        Tmut           0%         N/A       96%         1
 Kiss of Death            Conj/Necr      0%         2d5       96%         1
 Slow                     Hex            0%         N/A       96%         1
 Freeze                   Ice            0%         1d3       97%         1
 Ensorcelled Hibernation  Hex/Ice        0%         N/A       99%         2
 Lesser Beckoning         Tloc           0%         N/A       99%         2
 Static Discharge         Conj/Air       0%         2-2/arc   99%         2
 Sublimation of Blood     Necr           0%         N/A       99%         2
 Wereblood                Tmut           0%         N/A       99%         2
 Confusing Touch          Hex            0%         N/A       100%        3
 Gell's Gravitas          Tloc           0%         N/A       100%        3
 Hailstorm                Conj/Ice       0%         3d3       100%        3
 Inner Flame              Hex/Fire       0%         N/A       100%        3
 Ozocubu's Armour         Ice            0%         N/A       100%        3
 Spider Form              Tmut/Pois      0%         N/A       100%        3
 Stone Arrow              Conj/Erth      0%         3d7       100%        3
 Teleport Other           Tloc           0%         N/A       100%        3
 Vampiric Draining        Necr           0%         2d6       100%        3
 Airstrike                Air            0%         2d(0-16)  100%        4
 Animate Armour           Summ/Erth      0%         N/A       100%        4
 Dispel Undead            Necr           0%         3d6       100%        4
 Ice Form                 Ice/Tmut       0%         N/A       100%        4
 Summon Lightning Spire   Summ/Air       0%         N/A       100%        4
 Alistair's Intoxication  Tmut/Pois      0%         N/A       100%        5
 Yara's Violent Unravell  Hex/Tmut       0%         3d3       100%        5
 Simulacrum               Ice/Necr       0%         N/A       100%        6
 Enfeeble                 Hex            0%         N/A       100%        7
 Ozocubu's Refrigeration  Ice            0%         4d7       100%        7
 Summon Hydra             Summ           0%         N/A       100%        7
 Lehudib's Crystal Spear  Conj/Erth      0%         10d2      100%        8


Dungeon Overview and Level Annotations

Branches:
Dungeon (13/15)            Temple (1/1) D:5            Lair (0/5) D:10
    Orc (0/2) D:9          Bailey (visited)         Gauntlet (visited)
 Vaults: D:13-14

Altars:
Ashenzari
Cheibriados
Dithmenos
Elyvilon
Fedhas
Gozag
Hepliaklqana
Kikubaaqudgha
Makhleb
Nemelex Xobeh
Okawaru
Qazlal
Ru
Sif Muna
Trog
Uskayaw
Vehumet
Wu Jian
Xom
Yredelemnul
Zin
The Shining One

Shops:
D:8 :   D:9 [

Annotations:
D:13 exclusion: orange crystal statue


Message History

The slime creature is severely wounded.
The slime creature hits you!
* * * LOW HITPOINT WARNING * * *
You sock the slime creature!
You kill the slime creature!
The slime creature dissolves into shadows!
You start resting.
A manticore is nearby!
You skewer the manticore like a kebab!!!
The manticore is almost dead.
The manticore bites you!
* * * LOW HITPOINT WARNING * * *
The manticore claws you.
* * * LOW HITPOINT WARNING * * *
The manticore claws you but does no damage.
You feel better. The manticore bites you!
* * * LOW HITPOINT WARNING * * *
The manticore claws you but does no damage. x2
You puncture the manticore!
You kill the manticore!
The manticore's corpse dissolves into shadows!
As you read the scroll of silence, it crumbles to dust.
A profound silence engulfs you.
You feel better.
The deep elf pyromancer hits you but does no damage.
You are electrocuted!
* * * LOW HITPOINT WARNING * * *
You bludgeon the deep elf pyromancer!!
The deep elf pyromancer is heavily wounded.
The deep elf pyromancer closely misses you.
You barely miss the deep elf pyromancer.
The deep elf pyromancer is heavily wounded.
The deep elf pyromancer misses you.
You puncture the deep elf pyromancer!
The deep elf pyromancer is severely wounded.
You closely miss the deep elf pyromancer.
The deep elf pyromancer is severely wounded.
The deep elf pyromancer hits you but does no damage.
You are electrocuted!!
You die...

#....## #...............
#.....# #............##
#..<..## #...........J.#
##.....# #..............
#.....## #..............
#......## #..............
#.......####.){....)......
#........##..#......J...J.
##.......@#..##..........#
#......()e)####........J#
##........## ##.......##
##........# ##........
#.........# ##....##.
#.........# ##..###.
#.........## #### ##
##.........# # ###.......#


You could see a deep elf pyromancer (summoned).

Vanquished Creatures
  Rupert (D:12)
  An orc warlord (D:7)
  A minotaur (Gauntlet)
  Josephine (D:10)
  A hydra (D:12)
  2 two-headed ogres
  4 boulder beetles
  The ghost of ripuliukko the Thaumaturge, a novice DEEE of Vehumet (D:9)
  Pikel (D:4)
  A deep elf zephyrmancer (D:13)
  A wizard (Gauntlet)
  3 cyclopes
  3 ugly things (D:12)
  A manticore (D:12)
  A worldbinder (Gauntlet)
  Maurice (D:8)
  An ice statue (D:12)
  4 kobold demonologists
  2 gargoyles (D:12)
  4 unseen horrors (D:11)
  4 komodo dragons
  3 trolls
  2 hornets
  Prince Ribbit (D:7)
  6 slime creatures
  A culicivora (shapeshifter) (D:12)
  2 wyverns (D:10)
  27 yaks
  2 shadows
  5 wraiths
  A steam dragon (D:10)
  2 basilisks (D:10)
  5 vampire mosquitoes
  A chaos spawn (Gauntlet)
  A neqoxec (Gauntlet)
  A warg (D:9)
  Menkaure (D:4)
  2 acid dragons (D:12)
  2 water moccasins
  A black bear (D:6)
  10 orc warriors
  An ice beast (D:6)
  A boggart (Gauntlet)
  5 centaurs
  2 kobold brigands
  3 bullfrogs
  3 scorpions
  A gnoll sergeant (D:7)
  8 wights
  4 killer bees
  2 howler monkeys
  A crimson imp (D:7)
  2 lava snakes (D:13)
  4 jellies
  12 orc priests
  10 hounds
  A sleepcap (D:5)
  Natasha (thrice) (D:3)
  5 iguanas
  10 orc wizards
  9 adders
  8 gnolls
  2 shadow imps
  3 white imps
  An ufetubus (D:5)
  2 worms
  2 dart slugs
  29 orcs
  11 ball pythons
  4 bats
  7 endoplasms
  3 giant cockroaches
  7 goblins
  7 hobgoblins
  3 jackals (D:3)
  26 kobolds
  5 quokkas
  6 frilled lizards
  2 orc skeletons (D:7)
  3 orc zombies (D:7)
  4 rats
337 creatures vanquished.

Vanquished Creatures (others)
  A redback (D:12)
  An acid dragon (D:12)
2 creatures vanquished.

Grand Total: 339 creatures vanquished

Notes
Turn   | Place    | Note
-------+----------+-------------------------------------------
     0 | D:1      | Anriel the Human Gladiator began the quest for the Orb.
     0 | D:1      | Reached XP level 1. HP: 16/16 MP: 1/1
   140 | D:1      | Reached XP level 2. HP: 22/22 MP: 2/2
   221 | D:1      | Reached skill level 1 in Armour
   607 | D:2      | Reached skill level 6 in Maces & Flails
   607 | D:2      | Reached skill level 5 in Armour
   607 | D:2      | Reached XP level 3. HP: 31/31 MP: 3/3
   639 | D:2      | Reached XP level 4. HP: 26/38 MP: 4/4
   950 | D:2      | Reached XP level 5. HP: 43/43 MP: 5/5
  1511 | D:3      | Noticed Natasha
  1527 | D:3      | Killed Natasha
  1628 | D:3      | Noticed Natasha
  1640 | D:3      | Killed Natasha
  1641 | D:3      | Reached skill level 5 in Fighting
  1691 | D:3      | Reached XP level 6. HP: 48/51 MP: 6/6
  2056 | D:3      | Noticed Natasha
  2065 | D:3      | Killed Natasha
  2080 | D:4      | Found an ancient bone altar of Kikubaaqudgha.
  2105 | D:4      | Noticed Menkaure
  2199 | D:4      | Killed Menkaure
  2280 | D:4      | Noticed Pikel
  2294 | D:4      | Killed Pikel
  2295 | D:4      | Reached skill level 7 in Maces & Flails
  2295 | D:4      | Reached skill level 5 in Dodging
  2295 | D:4      | Reached XP level 7. HP: 56/56 MP: 7/7
  2295 | D:4      | Reached XP level 8. HP: 62/62 MP: 8/8
  2394 | D:4      | Found a shimmering blue altar of Sif Muna.
  2822 | D:5      | Entered Level 5 of the Dungeon
  2898 | D:5      | Identified the +8 ring mail of Claustrophobia {-Tele rN++
                  | rCorr Str+3}
  3335 | D:5      | Found a staircase to the Ecumenical Temple.
  3341 | Temple   | Entered the Ecumenical Temple
  3420 | Temple   | Became a worshipper of Ashenzari the Shackled
  3684 | D:5      | Reached XP level 9. HP: 68/68 MP: 9/9
  3933 | D:5      | Identified a scroll of acquirement
  3933 | D:5      | Acquired a +0 dire flail of draining
  4065 | D:6      | Reached skill level 8 in Maces & Flails
  4065 | D:6      | Reached skill level 5 in Throwing
  4500 | D:7      | Reached * piety under Ashenzari
  4670 | D:7      | Found a glowing golden altar of the Shining One.
  4721 | D:7      | Found a flagged portal.
  4730 | Bailey   | Entered a bailey
  4751 | Bailey   | Noticed an orc warlord
  4751 | Bailey   | Identified the ring of Baom {Wiz Dex+7}
  4806 | Bailey   | Identified the +5 short sword of the Unkillable {freeze,
                  | rElec Dex+2}
  4851 | Bailey   | Reached skill level 9 in Maces & Flails
  4851 | Bailey   | Reached XP level 10. HP: 67/74 MP: 10/10
  4906 | Bailey   | Found a runed translucent gate.
  4907 | Bailey   | Found a runed translucent gate.
  4909 | Bailey   | Found a runed translucent gate.
  4954 | Bailey   | Reached ** piety under Ashenzari
  5141 | Bailey   | HP: 3/74 [orc warlord/+5 battleaxe (18)]
  5153 | D:7      | Noticed Prince Ribbit
  5289 | D:7      | Killed Prince Ribbit
  5325 | D:7      | Acquired 1191 gold pieces
  5327 | D:7      | Reached skill level 13 in Maces & Flails
  5327 | D:7      | Reached XP level 11. HP: 60/79 MP: 11/11
  5591 | D:7      | Killed an orc warlord
  5748 | D:8      | Found Xaheoteto's Book Shop.
  5764 | D:8      | Noticed Maurice
  5774 | D:8      | Killed Maurice
  6627 | D:8      | Reached *** piety under Ashenzari
  6683 | D:9      | Noticed a two-headed ogre
  6690 | D:9      | Killed a two-headed ogre
  6844 | D:9      | Found a staircase to the Orcish Mines.
  6915 | D:9      | Found a large runed translucent door.
  6916 | D:9      | Found a large runed translucent door.
  6918 | D:9      | Noticed ripuliukko's ghost (novice DEEE)
  6931 | D:9      | Killed ripuliukko's ghost
  7043 | D:9      | Paralysed by a hornet for 1 turns
  7049 | D:9      | Reached XP level 12. HP: 56/91 MP: 12/12
  7236 | D:9      | Reached skill level 14 in Maces & Flails
  7236 | D:9      | Found Ovikid's Antique Armour Shoppe.
  7260 | D:9      | Bought a spiked scale mail for 252 gold pieces
  7260 | D:9      | Identified the +3 scale mail of Resonance {+Inv rC+ Slay+2}
                  | (You bought it in a shop on level 9 of the Dungeon)
  7260 | D:9      | Bought a glowing plate armour for 728 gold pieces
  7517 | D:9      | Reached **** piety under Ashenzari
  7701 | D:10     | Entered Level 10 of the Dungeon
  7932 | D:10     | Noticed Josephine
  7934 | D:10     | Killed Josephine
  8341 | D:10     | Found a staircase to the Lair.
  8803 | D:11     | Reached skill level 15 in Maces & Flails
  8839 | D:11     | Noticed a boulder beetle
  8853 | D:11     | Killed a boulder beetle
  8854 | D:11     | Reached skill level 5 in Evocations
  8950 | D:11     | Reached XP level 13. HP: 99/99 MP: 13/13
  9293 | D:11     | Reached ***** piety under Ashenzari
  9367 | D:12     | Reached skill level 10 in Dodging
  9483 | D:12     | Found a gate leading to a gauntlet.
  9488 | Gauntlet | Entered a Gauntlet
  9488 | Gauntlet | Identified the +1 short sword of Nusiny {drain, *Rage Int+3
                  | Dex+2 Stlth+}
  9488 | Gauntlet | Found a transporter.
  9488 | Gauntlet | Found a transporter.
  9488 | Gauntlet | Found a transporter.
  9489 | Gauntlet | Found a transporter.
  9658 | Gauntlet | Identified the +0 pair of gloves of Wafonwo {rCorr}
  9659 | Gauntlet | Found a transporter.
  9670 | Gauntlet | Found a transporter.
  9671 | Gauntlet | Found a transporter.
  9677 | Gauntlet | Found a transporter.
  9752 | Gauntlet | Found a transporter.
  9767 | Gauntlet | Identified the +1 ring mail of Snakes and Ladders {rC++
                  | Str+2}
  9785 | Gauntlet | Found a transporter.
  9823 | Gauntlet | Found a transporter.
  9847 | Gauntlet | Noticed a minotaur
  9856 | Gauntlet | Killed a minotaur
  9874 | Gauntlet | Found a transporter.
  9887 | Gauntlet | Identified the +0 swamp dragon scales of Hadjma {rElec
                  | rPois Will- rCorr Str-4}
  9888 | Gauntlet | Identified Wuvan's Guide on Hoarfrost
  9888 | Gauntlet | Identified the +4 plate armour "Enohen" {rC+ MP+9}
 10293 | D:12     | Reached skill level 10 in Armour
 10461 | D:12     | Noticed Rupert
 10472 | D:12     | Paralysed by Rupert for 3 turns
 10502 | D:12     | Killed Rupert
 10707 | D:12     | Noticed a four-headed hydra
 10714 | D:12     | Killed a four-headed hydra
 10784 | D:13     | Reached XP level 14. HP: 104/104 MP: 14/14
 11055 | D:13     | HP: 4/105 [manticore[an orange crystal statue] (14)]
 11063 | D:13     | Mangled by a deep elf pyromancer

Illustrated notes

Levels and vault maps discovered:
D:1:      eino_arrival_cavern_a, layout_rooms
D:2:      minmay_angry_zag, layout_basic
D:3:      layout_loops_cross, uniq_natasha
D:4:      layout_loops_ring, mainiacjoe_overflow_concentric_impassable,
          kennysheep_mini, uniq_pikel, uniq_menkaure
D:5:      minmay_inner_zag, layout_basic, minmay_temple_entry_fiery,
          nrook_mini_vaults, kennysheep_generic_room_5
D:6:      layout_cave_pools
D:7:      kennysheep_six_static_rooms, layout_cave_pools,
          nicolae_tso_besieged_by_evil, enter_bailey_3, minmay_misc_feat_tiny,
          uniq_prince_ribbit1
D:8:      layout_basic, serial_shops, nicolae_shop_stone, uniq_maurice
D:9:      layout_basic, david_orc_1_choice, serial_shops,
          nicolae_shop_overgrown_old_shop, ebering_ghost_disaster_area
D:10:     layout_roguey, erik_lair_dragon, uniq_josephine
D:11:     layout_cave_pools, minmay_fractal_squares_diagonal_5
D:12:     hangedman_cross_stitches, layout_loops_cross, gauntlet_entry_generic,
          minivault_16, uniq_rupert
D:13:     layout_cave_pods, gammafunk_ghost_arena, serial_shops, shop,
          disabler_island, uniq_lodul
Temple:   nicolae_temple_bog_church

Skill      XL: |  1  2  3  4  5  6  7  8  9 10 11 12 13 14 |
---------------+-------------------------------------------+-----
Armour         | 5 6 7 9 10 | 10.5
Fighting       | 4 5 |  5.4
Maces & Flails | 6 7 9 13 15 | 15.0
Dodging        | 5 6 7 8 9 10 11 | 11.0
Throwing       | 3 4 5 7 |  7.5
Evocations     | 4 5 7 |  7.2

Action                     |  1- 3 |  4- 6 |  7- 9 | 10-12 | 13-15 || total
---------------------------+-------+-------+-------+-------+-------++-------
  Melee: Flail             |    45 |   201 |   139 |       |       ||   385
         Punch             |       |     2 |     4 |       |       ||     6
         Dire flail        |       |       |   155 |   316 |   254 ||   725
  Throw: Javelin           |     2 |     1 |     1 |       |       ||     4
         Boomerang         |       |       |     5 |    26 |    60 ||    91
         Throwing net      |       |       |       |     9 |     3 ||    12
 Invoke: Curse Item        |       |       |     2 |     4 |     1 ||     7
         Shatter the Chain |       |       |       |       |     1 ||     1
  Evoke: Wand              |       |       |       |       |     8 ||     8
    Use: Scroll            |     6 |     6 |    10 |     8 |     3 ||    33
         Potion            |     1 |     2 |       |     7 |    15 ||    25
   Stab: Held in net/web   |       |       |       |     3 |     2 ||     5
         Sleeping          |       |       |       |     1 |       ||     1
         Invisible         |       |       |       |       |     1 ||     1
 Armour: Leather armour    |     9 |       |       |       |       ||     9
         Chain mail        |     7 |   111 |     8 |       |       ||   126
         Ring mail         |       |       |   125 |    79 |       ||   204
         Scale mail        |       |       |    16 |       |       ||    16
         Plate armour      |       |       |       |    79 |   174 ||   253
  Dodge: Dodged            |    30 |    78 |   231 |   152 |   143 ||   634
